 Dungeon Sprint DCSS version 0.20-a0-3-g334f831 (webtiles) character file.

136 Yakui the Ruffian (level 5, 0/30 HPs)
             Began as a Vine Stalker Fighter on Oct 30, 2016.
             Was a Follower of Uskayaw.
             Slain by an unseen horror (1 damage)
             ... in the Dungeon (Sprint V: "Ziggurat Sprint").
             The game lasted 00:08:43 (235 turns).

Yakui the Ruffian (Vine Stalker Fighter)             Turns: 235, Time: 00:08:44

Health: 0/30       AC: 26    Str: 24    XL:     5   Next: 19%
Magic:  0/6        EV:  2    Int:  8    God:    Uskayaw [*.....]
Gold:   0          SH: 29    Dex: 21    Spells: 0 memorised, 4 levels left

rFire  . . .     SeeInvis .       - Unarmed
rCold  . . .     Gourm    .     J - +15 Maxwell's patent armour {-Cast -Tele rElec MR+ rCorr}
rNeg   + . .     Faith    .     K - +18 shield of the Gong {rElec rN+ MR+ EV-5}
rPois  .         Spirit   +     (no helmet)
rElec  +         Reflect  .     (no cloak)
rCorr  +         Harm     .     (no gloves)
MR     ++...     NoTele   +     (no boots)
Stlth  .......... NoCast   +    (no amulet)
                                y - +6 ring of dexterity
                                C - +6 ring of strength

@: no status effects
A: fangs 2, regeneration 1, magic shield, antimagic bite, no device heal 3, rot
immunity
a: Stomp, Renounce Religion


You were in the Dungeon.
You worshipped Uskayaw.
Uskayaw was noncommittal.
You were not hungry.

You visited 1 branch

Inventory:

Armour
 J - the +15 Maxwell's patent armour (worn) {-Cast -Tele rElec MR+ rCorr}
   (You found it in the Dungeon)

   It insulates you from electricity.
   It affects your resistance to hostile enchantments.
   It prevents spellcasting.
   It prevents most forms of teleportation.
   It protects you from acid and corrosion.
 K - the +18 shield of the Gong (worn) {rElec rN+ MR+ EV-5}
   (You found it in the Dungeon)

   It affects your evasion (-5).
   It insulates you from electricity.
   It protects you from negative energy.
   It affects your resistance to hostile enchantments.
 L - a +3 buckler
 M - a +3 large shield
 N - a +3 shield
 O - a +5 crystal plate armour
 P - +5 gold dragon scales
 Q - a +5 plate armour
 R - +5 shadow dragon scales
 S - +5 storm dragon scales
Jewellery
 y - a +6 ring of dexterity (right hand)
 z - a +6 ring of dexterity
 C - a +6 ring of strength (left hand)
 D - a +6 ring of strength
 I - an uncursed ring of flight
Wands
 E - a wand of disintegration (7/24)
 F - a wand of iceblast (5/15)
 G - a wand of lightning (5/15)
 H - a wand of acid (5/15)
Scrolls
 j - 4 scrolls of blinking
 p - 4 scrolls of amnesia
 q - 3 scrolls of recharging
 r - 7 scrolls of fog
 s - a scroll of holy word
 t - 5 scrolls of identify
 u - 5 scrolls of remove curse
 v - 2 scrolls of fear
Potions
 c - 6 potions of might
 e - 10 potions of curing
 g - 6 potions of haste
 h - 7 potions of magic
 i - 3 potions of berserk rage
 k - 2 potions of brilliance
 l - 2 potions of invisibility
 m - 4 potions of resistance
 o - 5 potions of agility
Comestibles
 d - 5 bread rations
 w - 42 fruits
 x - 4 meat rations


   Skills:
 + Level 4.8 Fighting
 + Level 4.3 Armour
 + Level 3.3 Dodging
 - Level 3.2 Stealth
 + Level 4.7 Shields
 * Level 6.6 Unarmed Combat


You had 4 spell levels left.
You didn't know any spells.

Dungeon Overview and Level Annotations

Branches:
Dungeon (1/1)

Altars:
Ashenzari
Cheibriados
Dithmenos
Elyvilon
Fedhas
Gozag
Hepliaklqana
Kikubaaqudgha
Makhleb
Nemelex Xobeh
Okawaru
Qazlal
Ru
Sif Muna
Trog
Uskayaw
Vehumet
Xom
Yredelemnul
Zin
The Shining One
Beogh
Jiyva
Lugonu


Innate Abilities, Weirdness & Mutations

You have extremely sharp teeth.
Your natural rate of healing is unusually fast.
When hurt, damage is shared between your health and your magic reserves.
Your bite disrupts and absorbs the magic of your enemies.
Potions and wands cannot restore your health.
You are immune to rotting.


Message History

* * * LOW HITPOINT WARNING * * *
You hit something. You bite something. Something hits you but does no damage.
Okay, then.
Okay, then.
You swing at nothing.
Something hits you but does no damage. x2
You stomp with the beat, sending a shockwave through the revelers around you!
You feel somewhat more hungry. Something hits you but does no damage.
You block something's attack.
BOUMMMMG!
Something hits you but does no damage. You block something's attack.
GONNNNG!
Something hits you but does no damage. You block something's attack.
GONNNNG!
Something hits you!
* * * LOW HITPOINT WARNING * * *
You can no longer pass through a line of other dancers.
Something hits you.
You die...

▓▓▓▓▓▓▓
▓.8©8.▓
▓.....▓
▓.[.".▓
▓.....▓
▓.....▓
▓.@...▓
▓▓▓▓▓▓▓


There were no monsters in sight!

Vanquished Creatures
  A small abomination (D)
1 creature vanquished.

Notes
Turn   | Place    | Note
-------+----------+-------------------------------------------
     0 | D        | Yakui the Vine Stalker Fighter began the quest for the Orb.
     0 | D        | Reached XP level 1. HP: 11/11 MP: 2/2
     0 | D        | Found a deep blue altar of Sif Muna.
     0 | D        | Found a sacrificial altar of Ru.
     0 | D        | Found a bloodstained altar of Trog.
     0 | D        | Found a stormy altar of Qazlal.
     0 | D        | Found an iron altar of Okawaru.
     0 | D        | Found a sparkling altar of Nemelex Xobeh.
     0 | D        | Found a blossoming altar of Fedhas.
     2 | D        | Found an ancient bone altar of Kikubaaqudgha.
     2 | D        | Found a viscous altar of Jiyva.
     2 | D        | Found a corrupted altar of Lugonu.
     2 | D        | Found a hazy altar of Hepliaklqana.
     2 | D        | Found a burning altar of Makhleb.
     2 | D        | Found an opulent altar of Gozag.
    57 | D        | Reached skill level 1 in Dodging
    57 | D        | Reached skill level 4 in Unarmed Combat
    57 | D        | Reached XP level 2. HP: 17/17 MP: 3/3
    68 | D        | Became a worshipper of Uskayaw the Reveler
   176 | D        | Entered arena 1.
   176 | D        | Noticed a small abomination
   182 | D        | Reached * piety under Uskayaw
   185 | D        | Reached ** piety under Uskayaw
   197 | D        | Killed a small abomination
   197 | D        | Reached skill level 6 in Unarmed Combat
   197 | D        | Reached XP level 3. HP: 6/22 MP: 4/4
   197 | D        | Gained mutation: Your natural rate of healing is unusually fast. [Vine Stalker growth]
   197 | D        | Reached XP level 4. HP: 7/26 MP: 5/5
   197 | D        | Reached XP level 5. HP: 8/30 MP: 6/6
   197 | D        | Reached *** piety under Uskayaw
   234 | D        | HP: 1/30 [something (7)]
   235 | D        | Slain by an unseen horror

Vault maps used:
D:        sprint_v

Skill      XL: |  1  2 |
---------------+-------+-----
Fighting       | 3 4 |  4.8
Armour         | 3 4 |  4.3
Dodging        | 1 3 |  3.3
Stealth        | 3 |  3.2
Shields        | 3 4 |  4.7
Unarmed Combat | 4 6 |  6.6

Action                   |  1- 3 |  4- 6 || total
-------------------------+-------+-------++-------
Melee: Unarmed           |    21 |    14 ||    35
       Bite              |    14 |    10 ||    24
Invok: Stomp             |       |     1 ||     1
  Use: Potion            |     1 |       ||     1
Armor: Plate armour      |    15 |    24 ||    39
Dodge: Dodged            |     1 |     1 ||     2
Block: Shield            |    25 |    16 ||    41
